 Dungeon Crawl Stone Soup version 0.17-b1-25-g6d8775f (webtiles) character file.

28 fotsohgehT the Digger (level 3, 31/31 HPs)
             Began as a Troll Earth Elementalist on Nov 5, 2015.
             Quit the game on level 1 of the Dungeon.
             The game lasted 00:04:36 (764 turns).

fotsohgehT the Digger (Troll Earth Elementalist)     Turns: 764, Time: 00:04:36

Health: 31/31      AC:  5    Str: 16    XL:     3   Next: 0%
Magic:  3/3        EV:  9    Int: 12    God:
Gold:   29         SH:  0    Dex: 10    Spells: 1 memorised, 3 levels left

rFire  . . .     SeeInvis .       - Unarmed
rCold  . . .     Clarity  .     b - +0 robe
rNeg   . . .     SustAt   +     (no shield)
rPois  .         Gourm    +     (helmet restricted)
rElec  .         Spirit   .     (no cloak)
rCorr  .         Warding  .     (gloves unavailable)
rMut   .         Stasis   .     (boots unavailable)
MR     .....                    (no amulet)
Stlth  +.........               k - ring of sustain attributes
                                (no ring)

@: not resistant to hostile enchantments, very unstealthy
A: unfitting armour, claws 3, fast metabolism 3, gourmand, regeneration 2,
shaggy fur 1, tough skin 2
a: no special abilities


You were on level 1 of the Dungeon.
You were very full.

You visited 1 branch of the dungeon, and saw 1 of its levels.

You collected 29 gold pieces.

Inventory:

Missiles
 a - 58 stones (quivered)
Armour
 b - a +0 robe (worn)
Jewellery
 j - an uncursed ring of ice
 k - a ring of sustain attributes (right claw)
Scrolls
 e - a scroll of recharging {unknown}
 h - a scroll of blinking {unknown}
 i - a scroll of fog {unknown}
 l - a scroll of remove curse {unknown}
 n - a scroll of random uselessness {unknown}
Potions
 f - a potion of curing {unknown}
 m - a potion of flight {unknown}
Books
 c - a book of Geomancy

   Spells                             Type                      Level
   a - Sandblast                      Earth                        1
   b - Stoneskin                      Transmutation/Earth          2
   c - Passwall                       Transmutation/Earth          3
   d - Stone Arrow                    Conjuration/Earth            3
   e - Petrify                        Transmutation/Earth          4
   f - Lee's Rapid Deconstruction     Earth                        5
Comestibles
 d - 3 bread rations
 g - 2 slices of pizza


   Skills:
 - Level 1.5 Dodging
 - Level 1.1 Stealth
 + Level 1.7 Unarmed Combat
 - Level 1.2 Spellcasting
   Level 0.6 Transmutations
 + Level 3.3 Earth Magic


You had 3 spell levels left.
You knew the following spells:

 Your Spells              Type           Power        Failure   Level  Hunger
a - Sandblast             Erth           #.....       10%         1    ##.....


Dungeon Overview and Level Annotations

Branches:
Dungeon (1/15)

Altars:


Innate Abilities, Weirdness & Mutations

You are too large for most types of armour.
You have claws for hands.
Your metabolism is lightning-fast.
You like to eat raw meat.
You heal very quickly.
You are covered in fur (AC +1).
You have very tough skin (AC +2).


Message History

Your experience leads to an increase in your attributes!
Increase (S)trength, (I)ntelligence, or (D)exterity?
You feel clever.
You feel stronger.
You see here a dagger.
Found a spear.
n - a scroll labeled JUSIMADUZO You open the door.
There is an open door here.
Eating one of 4 chunks of flesh.
This raw flesh tastes great.
You continue eating. x2
You see here a plate armour.
You see here a plate armour.
d - 3 bread rations (gained 1)
You see here a club.
There is an open door, spattered with blood here.
Things that are here:
a club; a spear; a gnoll skeleton All of the chunks of flesh in your inventory have rotted away.
m - a bubbling inky potion Are you sure you want to abandon this character and quit the game? (Confirm with "yes".)

#####.#
##'##########
#............
####...)........
...#............
...#............
...#....########
...#....##########
................@#
...####..........#
...# #..........#
#### #..........#
.# #..........# .#
############ .# .#
.# ###########


There were no monsters in sight!

Vanquished Creatures
  A gnoll (D:1)
  A giant cockroach (D:1)
  6 goblins (D:1)
  A hobgoblin (D:1)
  2 jackals (D:1)
  A kobold (D:1)
  2 bats (D:1)
  A giant newt (D:1)
  6 rats (D:1)
21 creatures vanquished.

Notes
Turn   | Place    | Note
--------------------------------------------------------------
     0 | D:1      | fotsohgehT the Troll Earth Elementalist began the quest for the Orb.
     0 | D:1      | Reached XP level 1. HP: 16/16 MP: 1/1
   293 | D:1      | Reached skill level 1 in Unarmed Combat
   367 | D:1      | Reached XP level 2. HP: 24/24 MP: 2/2
   475 | D:1      | Reached skill level 3 in Earth Magic
   615 | D:1      | Reached XP level 3. HP: 31/31 MP: 3/3
   764 | D:1      | Quit the game

Action                   || total
-------------------------++-------
Melee: Unarmed           ||    53
  Eat: Chunk             ||    12
